Map: Romanticide LE

Players

Neeb - Winner!

  • Race: Protoss Protoss
  • Spawn Location: 11:00

Namshar

  • Race: Zerg Zerg
  • League: Grandmaster
  • Spawn Location: 5:00

Event: DreamHack SC2 Masters 2020 Winter

VOD

Have the link to the VOD?

Description

Time

  • Played on: Oct. 29, 2020, 6:49 p.m.
  • Length: 6:26

All games in this series

Show
View Real Time Build Order
Export as new Build Order

Neeb Protoss - Winner!

Build Orders:  

Get SALT Encoding   

  12  0:00  Probe  
  13  0:12  Probe  
  14  0:19  Pylon  
  14  0:24  Probe  
  15  0:37  Probe (Chrono Boost)  
  15  0:40  Gateway  
  16  0:46  Assimilator, Probe (Chrono Boost)  
  17  0:51  Probe (Chrono Boost)  
  18  1:01  Forge  
  18  1:05  Probe  
  19  1:19  Pylon  
  19  1:29  Cybernetics Core  
  19  1:32  Pylon  
  19  1:34  Pylon  
  19  1:41  Photon Cannon  
  19  1:46  Gateway  
  19  1:52  Probe  
  20  1:54  Pylon  
  20  2:07  Assimilator  
  20  2:13  Photon Cannon  
  20  2:18  Robotics Facility  
  20  2:20  Shield Battery  
  20  2:24  Shield Battery  
  20  2:32  Photon Cannon  
  20  2:37  Pylon  
  20  2:55  Photon Cannon  
  20  3:02  Immortal (Chrono Boost)  
  24  3:11  Shield Battery  
  24  3:24  Pylon  
  24  3:31  Warp Prism (Chrono Boost)  
  26  3:40  Shield Battery  
  26  3:57  Immortal (Chrono Boost)  
  30  4:12  Photon Cannon  
  30  4:19  Shield Battery  
  30  4:32  Immortal  
  34  4:50  Shield Battery  
  25  5:19  Nexus  
Show
View Real Time Build Order
Export as new Build Order

Namshar Zerg 

Build Orders: Hatch First 

Get SALT Encoding   

  12  0:00  Drone  
  13  0:12  Overlord  
  13  0:16  Drone  
  14  0:30  Drone x2  
  16  0:47  Hatchery  
  15  0:50  Drone  
  15  0:54  Drone  
  17  0:57  Drone  
  18  1:07  Extractor  
  17  1:12  Spawning Pool  
  17  1:15  Drone  
  17  1:19  Drone  
  18  1:31  Hatchery  
  18  1:38  Drone x2  
  20  1:57  Overlord  
  20  2:00  Spine Crawler  
  20  2:01  Queen  
  19  2:07  Zergling x2  
  22  2:13  Metabolic Boost  
  22  2:21  Spine Crawler  
  21  2:24  Drone  
  22  2:35  Drone  
  23  2:45  Drone  
  24  2:54  Hatchery  
  24  3:05  Lair  
  24  3:12  Hatchery  
  23  3:19  Overlord  
  23  3:21  Zergling x4  
  23  3:26  Drone x2  
  27  3:43  Zergling x4  
  29  3:51  Drone x3  
  32  3:58  Zergling x6  
  35  4:07  Nydus Network  
  33  4:22  Overlord  
  32  4:26  Drone x2  
  32  4:28  Zergling x2  
  32  4:29  Zergling x6  
  40  4:43  Nydus Canal  
  40  4:46  Drone x2  
  41  5:04  Zergling x6  
  41  5:09  Nydus Canal  
  41  5:14  Zergling x6  
  33  5:56  Hatchery  
Tags
 
Add a new tag
Caveats
  • Supply blocks, unpowered buildings, or Contaminate may cause inaccurate times.
  • Supply counts are checked every 10 seconds.